 Dungeon Crawl Stone Soup version 0.25-a0-503-ge281fa673e (webtiles) character file.

Game seed: 1859023863927937099, levelgen mode: deterministic

112 ICC the Sneak (level 4, -3/24 HPs)
             Began as a Vampire Conjurer on Feb 13, 2020.
             Was a Believer of Jiyva.
             Killed from afar by an orc wizard (11 damage)
             ... with a puff of flame
             ... on level 3 of the Dungeon.
             The game lasted 00:13:23 (2108 turns).

ICC the Sneak (Vampire Conjurer)                    Turns: 2108, Time: 00:13:23

Health: -3/24      AC:  2    Str:  7    XL:     4   Next: 63%
Magic:  2/8        EV: 13    Int: 17    God:    Jiyva [**....]
Gold:   110        SH:  0    Dex: 15    Spells: 2/8 levels left

rFire    . . .     SeeInvis +   e - +0 dagger
rCold    + + .     Gourm    .   (no shield)
rNeg     + + +     Faith    .   a - +0 robe
rPois    ∞         Spirit   .   (no helmet)
rElec    .         Reflect  .   (no cloak)
rCorr    .         Harm     .   (no gloves)
MR       .....                  (no boots)
Stlth    +++++.....             (no amulet)
HPRegen  0.00/turn              h - ring of flight
MPRegen  0.11/turn              (no ring)

@: bloodless
A: no food, fangs 3, see invisible, unbreathing
a: Bat Form, Revivify, Request Jelly, Renounce Religion, Evoke Flight


You were on level 3 of the Dungeon.
You worshipped Jiyva.
Jiyva was pleased with you.
You were bloodless.

You visited 1 branch of the dungeon, and saw 3 of its levels.

You collected 110 gold pieces.

Inventory:

Hand Weapons
 e - a +0 dagger (weapon)
Armour
 a - a +0 robe (worn)
 j - a cursed +0 leather armour
Jewellery
 h - a ring of flight (left hand)
 o - an uncursed ring of ice
Scrolls
 c - 3 scrolls of magic mapping {unknown}
 d - 2 scrolls of fear {unknown}
 f - a scroll of immolation {unknown}
 g - 4 scrolls of remove curse {unknown}
 i - 3 scrolls of identify {unknown}
 l - a scroll of teleportation {unknown}
Potions
 b - a potion of curing {unknown}
 k - a potion of brilliance {unknown}
 m - 2 potions of haste {unknown}


   Skills:
 - Level 2.1 Dodging
 - Level 5.1 Stealth
 + Level 2.7 Spellcasting
 - Level 3.7 Conjurations


You had 2 spell levels left.
You knew the following spells:

 Your Spells              Type           Power        Failure   Level  Hunger
a - Magic Dart            Conj           ###.         3%          1    N/A
b - Searing Ray           Conj           ###...       6%          2    N/A
c - Dazzling Flash        Conj/Hex       #.....       26%         3    N/A

Your spell library contained the following spells:

 Spells                   Type           Power        Failure   Level  Hunger
 Fulminant Prism          Conj/Hex       #.........   63%         4    N/A
 Iskenderun's Mystic Bla  Conj/Tloc      #.......     63%         4    N/A

Dungeon Overview and Level Annotations

Branches:
Dungeon (3/15)

Altars:
Ru
Sif Muna
Jiyva


Innate Abilities, Weirdness & Mutations

You do not eat.
You do not regenerate when monsters are visible.
You are frail without blood (-20% HP).
You can heal yourself when you bite living creatures.
You are immune to poison.
You have razor-sharp teeth.
You have supernaturally acute eyesight. (SInv)
You can survive without breathing.


Message History

The searing ray misses the bat.
The searing ray misses the orc wizard. (Press . to maintain the ray.)
The bat hits you but does no damage. The bat closely misses you.
The searing ray hits the bat!
You kill the bat!
The searing ray hits the orc wizard.
The orc wizard is heavily wounded.
The searing ray misses the orc wizard.
The orc wizard completely misses you.
The orc wizard hits you with a +0 dagger.
The searing ray hits the orc wizard!
The orc wizard is almost dead.
You finish channeling your searing ray.
The orc shouts!
You hear a shout!
You hear a bark!
The orc wizard hits you with a +0 dagger.
An orc comes into view. It is wielding a +0 club.
You hear an angry hiss.
It was a potion of cancellation.
You feel magically purged. The orc wizard casts a spell at you.
The puff of flame hits you!
You die...

#.........##..#..........
#.............#..........
#.........###.#..........
#..........# #.#..........
J..........###...#...o....
...............#...o...o.
##.####.o.$....o..
#o#......... #@#........o
........#.........
..o......#.......
..#####..##..... #..# ####
o#.. # .# ##


You could see an orc wizard and 3 orcs.

Vanquished Creatures
  4 adders
  A dart slug (D:1)
  A worm (D:2)
  A leopard gecko (D:2)
  4 giant cockroaches
  12 goblins
  5 hobgoblins
  6 jackals
  4 ball pythons
  8 bats
  7 frilled lizards
  9 kobolds
  6 rats
68 creatures vanquished.

Vanquished Creatures (others)
  A bat (D:2)
  A hobgoblin (D:3)
2 creatures vanquished.

Grand Total: 70 creatures vanquished

Notes
Turn   | Place    | Note
-------+----------+-------------------------------------------
     0 | D:1      | ICC the Vampire Conjurer began the quest for the Orb.
     0 | D:1      | Reached XP level 1. HP: 13/13 MP: 3/3
   165 | D:1      | Reached XP level 2. HP: 10/15 MP: 1/5
   324 | D:1      | Learned a level 2 spell: Searing Ray
   522 | D:1      | Reached skill level 4 in Stealth
   716 | D:1      | Reached XP level 3. HP: 17/19 MP: 3/6
  1025 | D:2      | Found a shimmering blue altar of Sif Muna.
  1386 | D:2      | Found a faded altar of an unknown god.
  1411 | D:2      | Became a worshipper of Jiyva Jedaud the Shapeless
  1411 | D:2      | Reached * piety under Jiyva
  1560 | D:2      | Reached skill level 5 in Stealth
  1584 | D:2      | Found a sacrificial altar of Ru.
  1587 | D:2      | Reached XP level 4. HP: 24/24 MP: 7/7
  1632 | D:2      | Learned a level 3 spell: Dazzling Flash
  2065 | D:3      | Reached ** piety under Jiyva
  2108 | D:3      | Killed from afar by an orc wizard

Levels and vault maps discovered:
D:1:      dpeg_arrival_round_c, layout_loops_ring, minmay_ruptured
D:2:      layout_basic, nicolae_ru_great_annihilating_truth, old_standard_altar,
          first_ration, chequers_ecumenical_altar_island,
          chequers_serial_rivers_small_3
D:3:      layout_rooms, lemuel_coloured_pillars_altar, okawaru_metal_pillars_3,
          lemuel_doored_altar, minmay_distorted

Skill      XL: |  1  2  3 |
---------------+----------+-----
Conjurations   | 3 |  3.7
Stealth        | 4 5 |  5.1
Dodging        | |  2.1
Spellcasting   | |  2.7

Action                   |  1- 3 |  4- 6 || total
-------------------------+-------+-------++-------
Melee: Dagger            |    66 |    12 ||    78
       Club              |     1 |       ||     1
       Bite              |     1 |     2 ||     3
 Cast: Magic Dart        |    39 |    15 ||    54
       Searing Ray       |     5 |     2 ||     7
 Abil: Exsanguinate      |     1 |       ||     1
  Use: Potion            |       |     1 ||     1
 Stab: Sleeping          |    19 |     7 ||    26
Armor: Robe              |    12 |     5 ||    17
Dodge: Dodged            |    45 |    18 ||    63

Table legend:
 A = Non-vault XP
 B = Vault XP
 C = Vault XP percentage of total XP
 D = Non-vault monster count
 E = Vault monster count
 F = Vault count percentage of total count
                 A         B        C        D         E       F
            +---------+---------+-------+---------+---------+-------
      Total |     149 |      11 |   6.9 |      61 |       7 |  10.3
            +---------+---------+-------+---------+---------+-------
        D:1 |      36 |       5 |  12.2 |      22 |       3 |  12.0
        D:2 |      95 |       6 |   5.9 |      35 |       4 |  10.3
        D:3 |      18 |       0 |   0.0 |       4 |       0 |   0.0
            +---------+---------+-------+---------+---------+-------
